AoeStats
← naphtaligrauer16

Arena

509843261Analyzed
4v4 RM · 5d ago on Sep 28, 2026· 36m 47s· 8 players
Game mode
Random Map
Map size
Large (8 player)
Population
200
Speed
Normal
Resources
Standard
Victory
Conquest
Starting age
Dark Age
Ending age
Imperial Age
RankedLock teamsTeams togetherTeam positionsShared explorationLock speedFull tech treeHidden civsTurbo modeCheats
Victory
Defeat
🇨🇳 Dravidians · China
1815
+9
🇩🇪 Danes · Germany
1750
+12
🇩🇪 Cumans · Germany
1597
+18
🇹🇼 Khmer · Taiwan
1419
+25
🇨🇳 Franks · China
1734
-20
🇨🇳 Italians · China
1685
-18
🇨🇳 Hindustanis · China
1631
-15
🇩🇪 Britons · Germany
1532
-11
Chris Becker
11:19 Feudal Age
11:55 Horse Collar
15:56 Castle Age
15:00 Double-Bit Axe
15:29 Gold Mining
23:16 Bow Saw
24:36 Wheelbarrow
29:50 Imperial Age
27:21 Fletching
27:40 Heavy Plow
27:47 Padded Archer Armor
28:46 Hand Cart
28:17 Loom
28:33 Bodkin Arrow
29:22 Yeomen
29:22 Leather Archer Armor
29:23 Fortified Wall
29:56 Ballistics
29:58 Stone Mining
30:47 Gold Shaft Mining
30:53 Bracer
31:56 Chemistry
31:33 Elite Longbowman
34:08 Ring Archer Armor
35:38 Elite Skirmisher
香辣鸡翅
9:56 Feudal Age
13:50 Castle Age
11:41 Double-Bit Axe
11:49 Horse Collar
17:29 Bow Saw
20:50 Heavy Plow
22:15 Gold Mining
22:36 Stone Mining
23:43 Wheelbarrow
24:42 Loom
27:57 Imperial Age
25:58 Scale Barding Armor
26:45 Grand Trunk Road
27:18 Bloodlines
27:08 Husbandry
27:41 Forging
28:46 Chain Barding Armor
27:58 Heavy Camel Rider
28:59 Conscription
30:34 Iron Casting
31:02 Chemistry
31:23 Plate Barding Armor
31:17 Imperial Camel Rider
33:58 Blast Furnace
35:15 Two-Man Saw
36:55 Fortified Wall
DKDFCD
11:23 Feudal Age
11:23 Loom
12:50 Double-Bit Axe
12:46 Horse Collar
13:26 Gold Mining
15:39 Castle Age
16:32 Bow Saw
21:19 Imperial Age
19:18 Fletching
20:44 Bodkin Arrow
23:09 Bracer
25:27 Padded Archer Armor
27:31 Two-Man Saw
28:18 Wheelbarrow
28:37 Leather Archer Armor
31:02 Ballistics
33:32 Fortified Wall
37:12 Chemistry
摸鱼种田
9:57 Feudal Age
11:25 Double-Bit Axe
11:28 Loom
13:51 Castle Age
21:46 Wheelbarrow
22:43 Bow Saw
22:38 Gold Mining
27:41 Imperial Age
24:56 Loom
25:20 Loom
25:21 Town Watch
26:19 Hand Cart
27:04 Scale Barding Armor
27:37 Husbandry
28:07 Chain Barding Armor
27:43 Cavalier
28:30 Chivalry
28:50 Conscription
29:51 Plate Barding Armor
29:28 Forging
29:04 Paladin
30:28 Paladin
33:21 Iron Casting
36:16 Blast Furnace
154985415164
10:04 Feudal Age
13:34 Castle Age
11:40 Double-Bit Axe
11:54 Horse Collar
14:30 Bow Saw
21:38 Loom
22:40 Wheelbarrow
27:34 Imperial Age
25:29 Gold Mining
25:34 Fletching
26:04 Hand Cart
25:53 Fletching
26:40 Stone Mining
27:19 Forging
27:07 Bodkin Arrow
27:35 Ballistics
27:24 Padded Archer Armor
29:16 Chemistry
28:24 Bracer
29:29 Leather Archer Armor
29:21 Thumb Ring
29:16 Siege Elephant
30:06 Elite Elephant Archer
31:34 Masonry
32:20 Ring Archer Armor
31:49 Murder Holes
32:39 Scale Barding Armor
33:09 Husbandry
35:17 Guilds
35:37 Medical Corps
37:09 Chain Barding Armor
ArabiaHaterNr.1
10:10 Feudal Age
11:01 Double-Bit Axe
13:40 Castle Age
11:46 Horse Collar
14:38 Bow Saw
18:14 Wheelbarrow
17:55 Scale Mail Armor
17:47 Arson
18:02 Squires
17:46 Man-at-Arms
18:59 Chain Mail Armor
21:03 Heavy Plow
22:28 Forging
25:32 Iron Casting
25:22 Loom
25:52 Hand Cart
26:04 Man-at-Arms
29:29 Imperial Age
27:24 Gold Mining
27:42 Stone Mining
29:21 Hamask
30:34 Elite Jomsviking
32:08 Gold Shaft Mining
32:21 Plate Mail Armor
33:39 Conscription
1165498765132
10:29 Feudal Age
13:13 Castle Age
11:19 Double-Bit Axe
11:37 Horse Collar
14:20 Bow Saw
15:12 Heavy Plow
19:32 Wheelbarrow
21:44 Stone Mining
22:13 Gold Mining
23:05 Loom
24:44 Hand Cart
27:28 Imperial Age
26:41 Ballistics
27:26 Husbandry
27:36 Bloodlines
27:30 Padded Archer Armor
27:29 Elite Ballista Elephant
29:13 Chemistry
28:42 Double Crossbow
29:13 Conscription
28:50 Pikeman
29:47 Leather Archer Armor
29:33 Scale Mail Armor
29:44 Forging
30:12 Scale Barding Armor
30:55 Stone Shaft Mining
30:55 Gold Shaft Mining
30:08 Arson
30:26 Halberdier
31:43 Chain Mail Armor
31:42 Siege Engineers
33:23 Chain Barding Armor
35:40 Capped Ram
36:32 Siege Ram
naphtaligrauer16
8:48 Feudal Age
9:32 Double-Bit Axe
9:57 Horse Collar
11:29 Wheelbarrow
16:09 Gold Mining
17:04 Stone Mining
17:51 Loom
22:42 Town Watch
25:01 Castle Age
28:12 Bow Saw
28:59 Hand Cart
28:49 Heavy Plow
32:41 Coinage
32:53 Fletching
33:03 Padded Archer Armor
37:16 Imperial Age
35:46 Steppe Husbandry
35:53 Steppe Husbandry
36:46 Gold Shaft Mining
36:26 Bodkin Arrow
36:49 Leather Archer Armor
Connection lost

Rejoining the realm…

Still unreachable

The connection could not be restored.

Session expired

The server has moved on; the page needs a fresh start.